 Dungeon Crawl Stone Soup version 0.30-a0-862-g1aabd4f9c5 (webtiles) character file.

Game seed: 17225715656015915530

1347 NinjaNoafa the Ruffian (level 8, 0/79 HPs)
             Began as a Troll Monk on Mar 9, 2023.
             Was a Priest of Qazlal.
             Slain by an ogre
             ... wielding a +0 giant club
              (32 damage)
             ... on level 6 of the Dungeon.
             The game lasted 00:16:40 (4365 turns).

NinjaNoafa the Ruffian (Troll Monk)                 Turns: 4365, Time: 00:16:41

Health: 0/79       AC:  5    Str: 20    XL:     8   Next: 36%
Magic:  10/10      EV: 11    Int:  6    God:    Qazlal [***...]
Gold:   246        SH:  4    Dex: 14    Spells: 7/7 levels left

rFire   . . .      SeeInvis .      - Unarmed
rCold   . . .      Faith    .    (no shield)
rNeg    . . .      Spirit   .    j - +1 robe {Will+}
rPois   .          Reflect  .    (helmet restricted)
rElec   .          Rampage  .    (no cloak)
rCorr   .                        (gloves unavailable)
Will    +....                    (boots unavailable)
Stlth   +                        (no amulet)
HPRegen 1.13/turn                (no ring)
MPRegen 0.12/turn                (no ring)

@: no status effects
A: large, unfitting armour, claws 3, regeneration 1, shaggy fur 1, tough skin 1
a: Renounce Religion, Upheaval, Elemental Force


You were on level 6 of the Dungeon.
You worshipped Qazlal.
Qazlal was most pleased with you.
You visited 1 branch of the dungeon, and saw 6 of its levels.

You collected 246 gold pieces.

Inventory:

Missiles
 i - 12 boomerangs (quivered)
 m - 6 javelins
Armour
 j - a +1 robe of willpower (worn)
Scrolls
 b - a scroll of magic mapping {unknown}
 d - a scroll of vulnerability
 e - 2 scrolls of poison
 h - 5 scrolls of teleportation
 k - 2 scrolls of butterflies {unknown}
 o - 2 scrolls of fear {unknown}
 q - a scroll of immolation {unknown}
 r - a scroll of fog {unknown}
Potions
 a - a potion of magic
 c - a potion of flight
 f - 2 potions of brilliance
 g - a potion of mutation
 l - 2 potions of haste
 n - a potion of lignification {unknown}
 p - a potion of might {unknown}
 s - a potion of degeneration {unknown}
 t - 2 potions of heal wounds {unknown}


   Skills:
 + Level 4.6 Fighting
 - Level 4.0 Dodging
 - Level 1.0 Stealth
 + Level 6.9 Unarmed Combat
 + Level 4.7 Invocations


You had 7 spell levels left.
You didn't know any spells.
Your spell library contained the following spells:

 Spells                   Type           Power      Damage    Failure   Level
 Summon Guardian Golem    Hex/Summ       0%         N/A       83%         3
 Orb of Destruction       Conj           0%         9d5       100%        7
 Spellforged Servitor     Conj/Summ      0%         N/A       100%        7


Dungeon Overview and Level Annotations

Branches:
Dungeon (6/15)
 Temple: D:4-7

Altars:
Cheibriados
Elyvilon
Fedhas
Qazlal

Shops:
D:3 [   D:4 :=:[   D:6 (


Innate Abilities, Weirdness & Mutations

You are too large for most types of armour.
You have claws for hands.
Your natural rate of healing is unusually fast.
You are covered in fur. (AC +1)
You have tough skin. (AC +1)


Message History

Qazlal accepts your kill. The orc closely misses you.
You barely miss the orc. You barely miss the orc. The orc closely misses you.
You claw the orc!
You kill the orc!
Qazlal accepts your kill.
i - 12 boomerangs (gained 3)
Things that are here:
a +0 club; an orc corpse
Found a stone staircase leading down.
h - 5 scrolls of teleportation (gained 1)
Found Vosas's Antique Weapon Shop.
There is an entrance to Vosas's Antique Weapon Shop here.
You open the door. You open the door.
There is an open door here.
You open the door.
There is an open door here.
o - 2 scrolls labelled LOLUL NEURGH (gained 1)
An ogre comes into view. It is wielding a +0 giant club.
An ogre is nearby!
Unknown command.
Something shouts, "Decamp, thou froward boil-brained whip-jack!"
A shadow imp comes into view.
Found a scroll labelled RAEPLI XUERIOH.
You scratch the ogre but do no damage. The ogre barely misses you.
You closely miss the ogre. You scratch the ogre but do no damage.
The ogre hits you with a +0 giant club!!
You scratch the ogre.
The ogre is lightly wounded.
The ogre hits you with a +0 giant club!!
* * * LOW HITPOINT WARNING * * *
You barely miss the ogre.
The ogre is lightly wounded.
You scratch the ogre. You claw the ogre.
The ogre is moderately wounded.
The ogre hits you with a +0 giant club!!
You die...

#... ..?. #... #..# ..#
#... ##..###..## ######
#............#.....
####............#.....
###....5................
#...#.#O#.#.#.#.#.#.#...
..#....@.........#......
......#○#.#...#.#.#.#...
.........#..............
........#.#.....#.#.....
.##.........#...........
..######...#.##....#..###
.........#............#
.........+...#.#.#.#..#
.........#......#....##


You could see an ogre and a shadow imp.

Vanquished Creatures
  A black bear (D:4)
  2 ice beasts (D:5)
  2 ogres (D:5)
  3 phantoms (D:5)
  A scorpion (D:6)
  A hound (D:6)
  2 orc priests
  A gnoll bouda (D:4)
  2 sleepcaps
  3 iguanas (D:5)
  Natasha (D:4)
  3 orc wizards
  9 gnolls
  6 adders
  A white imp (D:5)
  2 worms
  5 dart slugs
  18 orcs
  9 ball pythons
  4 endoplasms
  4 giant cockroaches
  5 goblins
  11 hobgoblins
  2 jackals (D:3)
  5 quokkas
  4 bats
  3 frilled lizards (D:1)
  11 kobolds
  2 rats
123 creatures vanquished.

Vanquished Creatures (others)
  6 plants (D:1)
6 creatures vanquished.

Grand Total: 129 creatures vanquished

Notes
Turn   | Place    | Note
-------+----------+-------------------------------------------
     0 | D:1      | NinjaNoafa the Troll Monk began the quest for the Orb.
     0 | D:1      | Reached XP level 1. HP: 22/22 MP: 0/0
   122 | D:1      | Reached XP level 2. HP: 26/29 MP: 1/1
   922 | D:2      | Reached skill level 4 in Unarmed Combat
   975 | D:2      | Reached XP level 3. HP: 27/36 MP: 2/2
  1065 | D:2      | Reached XP level 4. HP: 42/44 MP: 3/3
  1105 | D:2      | Reached skill level 5 in Unarmed Combat
  1554 | D:3      | Found a faded altar of an unknown god.
  1738 | D:3      | Found a blossoming altar of Fedhas.
  1762 | D:3      | Found a white marble altar of Elyvilon.
  1960 | D:3      | Found Rebifres's Antique Armour Shoppe.
  2152 | D:3      | Found a stormy altar of Qazlal.
  2533 | D:3      | Became a worshipper of Qazlal Stormbringer
  2533 | D:3      | Reached * piety under Qazlal
  2533 | D:3      | Reached ** piety under Qazlal
  2599 | D:4      | Reached skill level 1 in Invocations
  2599 | D:4      | Reached XP level 5. HP: 48/50 MP: 4/4
  2790 | D:4      | Reached XP level 6. HP: 47/59 MP: 7/7
  3197 | D:5      | Entered Level 5 of the Dungeon
  3240 | D:5      | Noticed an ice beast
  3249 | D:5      | Killed an ice beast
  3250 | D:5      | Reached XP level 7. HP: 41/67 MP: 9/9
  3314 | D:4      | Noticed Natasha
  3445 | D:5      | Reached skill level 6 in Unarmed Combat
  3614 | D:5      | Reached XP level 8. HP: 61/78 MP: 10/10
  3850 | D:4      | Found Enefaziv's Armour Boutique.
  3853 | D:4      | Found Wemot's Jewellery Boutique.
  3853 | D:4      | Found Louling's Book Boutique.
  3853 | D:4      | Found Wimoghog's Book Boutique.
  3926 | D:4      | Reached *** piety under Qazlal
  3980 | D:4      | Killed Natasha
  4242 | D:6      | Found a snail-covered altar of Cheibriados.
  4310 | D:6      | Found Vosas's Antique Weapon Shop.
  4365 | D:6      | Slain by an ogre

Illustrated notes

Levels and vault maps discovered:
D:1:      lightli_molten_gateway, layout_basic, serial_bayou,
          serial_bayou_pond_c, serial_bayou_pond_e, serial_bayou_pond_e,
          serial_bayou_shore_b, serial_bayou_shore_a, serial_bayou_shore_b,
          amcnicky_mini_corridor_feature
D:2:      layout_basic
D:3:      layout_loops_ring, mainiacjoe_overflow_surrounded_room,
          elyvilon_altar_5, mainiacjoe_overflow_six_doors_small, serial_shops,
          nicolae_shop_temple_entry_statues_fountains,
          nicolae_ecumenical_oubliette
D:4:      minmay_razor_zed, layout_loops_cross, minmay_shop_grid_forest,
          kennysheep_orc_chapel, uniq_natasha
D:5:      layout_loops_ring, hangedman_decor_opposing
D:6:      layout_gridville, mainiacjoe_overflow_boulevard,
          gammafunk_ghost_stat_death, serial_shops, nicolae_shop_stone,
          hangedman_decor_riveting, kennysheep_boxes

Skill      XL: |  1  2  3  4  5  6  7 |
---------------+----------------------+-----
Unarmed Combat | 4 5 6 |  6.9
Invocations    | 1 3 4 |  4.7
Fighting       | 3 4 |  4.6
Dodging        | 3 4 |  4.0
Stealth        | |  1.0

Action                     |  1- 3 |  4- 6 |  7- 9 || total
---------------------------+-------+-------+-------++-------
  Melee: Unarmed           |    74 |   167 |    96 ||   337
         Punch             |     2 |     8 |     4 ||    14
 Invoke: Upheaval          |       |       |     2 ||     2
    Use: Scroll            |       |     6 |     2 ||     8
         Potion            |       |     1 |       ||     1
   Stab: Sleeping          |     1 |     4 |       ||     5
 Armour: Robe              |    30 |    36 |    25 ||    91
  Dodge: Dodged            |    44 |    75 |    47 ||   166
  Block: Other             |       |    14 |    10 ||    24

Table legend: (Time is in decaauts)
 A = Elapsed time spent in this place.
 B = Non-inter-level travel time spent in this place.
 C = Inter-level travel time spent in this place.
 D = Time resting spent in this place.
 E = Time spent auto-exploring this place.
 F = Levels seen in this place.
 G = Mean time per level.
                   A        B        C        D        E       F      G
               +--------+--------+--------+--------+--------+-----+--------+
         Total |   4333 |   3923 |    410 |      0 |   2707 |   6 |  722.2 |
       Dungeon |   4333 |   3923 |    410 |      0 |   2707 |   6 |  722.2 |
               +--------+--------+--------+--------+--------+-----+--------+

Top non-repeatable levels by time:
     D:4: 981 daAuts
     D:1: 912 daAuts
     D:3: 855 daAuts
     D:2: 764 daAuts
     D:5: 699 daAuts
     D:6: 120 daAuts
